 Dungeon Crawl Stone Soup version 0.31-a0-836-g3ceb0a68c4 (webtiles) character file.

Game seed: 13428118308089736132

141942 freelancePsychic the Warrior (level 17, 0/116 HPs)
             Began as a Gargoyle Enchanter on Sept 26, 2023.
             Was the Champion of Vehumet.
             Slain by a spark wasp (4 damage)
             ... on level 3 of the Spider Nest.
             The game lasted 01:08:02 (37770 turns).

freelancePsychic the Warrior (Gargoyle Enchanter)  Turns: 37770, Time: 01:08:02

Health: 0/116      AC: 29    Str: 10    XL:     17   Next: 34%
Magic:  7/31       EV: 14    Int: 22    God:    Vehumet [******]
Gold:   887        SH:  0    Dex: 10    Spells: 4/36 levels left

rFire   + + +        U - staff of earth
rCold   . . .        b - orb of Poor Excuses {mayhem, rF++ Str-4 SInv}
rNeg    + . .        H - +0 steam dragon scales
rPois   ∞            M - +0 helmet
rElec   +            y - +2 cloak
rCorr   +            d - +0 pair of gloves
SInv    +            B - +2 pair of boots
Will    +....        h - amulet of regeneration
Stlth   ++           m - +4 ring of protection
HPRegen 1.19/turn    Z - ring of Hioneh {rF+ rCorr}
MPRegen 0.22/turn

%: mayhem
@: flying, invisible
A: sickness immunity, AC +12, big wings, negative energy resistance 1,
electricity resistance, torment resistance 1, petrification resistance
a: Renounce Religion


You were on level 3 of the Spider Nest.
You worshipped Vehumet.
Vehumet was exalted by your worship.
You visited 5 branches of the dungeon, and saw 26 of its levels.
You also visited: Sewer and Ossuary.

You collected 2147 gold pieces.
You spent 1260 gold pieces at shops.

Inventory:

Hand Weapons
 a - a +5 dagger of venom
Missiles
 P - a throwing net
Armour
 b - the orb of Poor Excuses (worn) {mayhem, rF++ Str-4 SInv}
   (You bought it in a shop on level 1 of the Orcish Mines)

   Str-4:     It affects your strength (-4).
   rF++:      It greatly protects you from fire.
   SInv:      It lets you see invisible.
 d - a +0 pair of gloves (worn)
 v - a +0 buckler
 y - a +2 cloak (worn)
 B - a +2 pair of boots (worn)
 H - +0 steam dragon scales (worn)
 M - a +0 helmet (worn)
Magical Staves
 g - a staff of fire
 U - a staff of earth (weapon)
Jewellery
 h - an amulet of regeneration (around neck)
 m - a +4 ring of protection (left hand)
 s - a +4 ring of protection
 N - a ring of see invisible
 Q - an amulet of the acrobat
 S - an amulet of faith
 T - a ring of flight
 Z - the ring of Hioneh (right hand) {rF+ rCorr}
   (You found it on level 5 of the Lair of Beasts)

   [ring of protection from fire]

   rF+:       It protects you from fire.
   rCorr:     It protects you from acid and corrosion.
Wands
 r - a wand of flame (35)
 z - a wand of quicksilver (17)
 F - a wand of mindburst (24)
 G - a wand of roots (5)
 J - a wand of charming (17)
Scrolls
 i - 5 scrolls of immolation
 n - 5 scrolls of silence
 q - 5 scrolls of enchant armour
 t - 6 scrolls of vulnerability
 u - a scroll of teleportation {@r4}
 x - a scroll of identify {@r1}
 A - 6 scrolls of noise
 E - 5 scrolls of fog
 I - 3 scrolls of revelation
 L - a scroll of brand weapon
 V - 2 scrolls of poison
 Y - a scroll of amnesia
Potions
 c - 3 potions of invisibility
 e - 5 potions of brilliance
 f - 2 potions of enlightenment
 j - 10 potions of lignification
 k - 2 potions of curing {@q1}
 l - 3 potions of resistance
 o - 7 potions of ambrosia
 p - 3 potions of attraction
 w - 2 potions of magic
 C - 7 potions of haste {@q3}
 D - 4 potions of degeneration
 K - a potion of mutation {unknown}
 O - 3 potions of might {unknown}
 R - a potion of berserk rage {unknown}
 W - a potion of cancellation {unknown}
Miscellaneous
 X - a box of beasts


   Skills:
 + Level 16.7 Fighting
 - Level 5.0 Short Blades
 + Level 7.3 Dodging
 - Level 3.2 Stealth
 - Level 10.3 Spellcasting
 - Level 16.3 Conjurations
 - Level 2.6 Hexes
 - Level 7.3 Transmutations
 - Level 3.3 Fire Magic
 - Level 3.5 Ice Magic
 - Level 2.8 Air Magic
 + Level 12.5 Earth Magic
 - Level 8.8 Poison Magic


You had 4 spell levels left.
You knew the following spells:

 Your Spells              Type           Power      Damage    Failure   Level
a - Stone Arrow           Conj/Erth      100%       3d13      1%          3
b - Lee's Rapid Deconstr  Erth           39%        3d19*     1%          5
c - Freezing Cloud        Conj/Ice/Air   22%        6-21      2%          5
d - Bombard               Conj/Erth      42%        9d7       1%          6
e - Eringya's Noxious Bo  Tmut/Pois      23%        4d6       9%          6
i - Orb of Destruction    Conj           35%        9d10      1%          7

Your spell library contained the following spells:

 Spells                   Type           Power      Damage    Failure   Level
 Starburst                Conj/Fire      26%        6d8       4%          6
 Magic Dart               Conj           100%       1d8       0%          1
 Freeze                   Ice            100%       1d10      1%          1
 Wereblood                Tmut           43%        N/A       1%          2
 Dazzling Flash           Conj/Hex       100%       N/A       1%          3
 Frozen Ramparts          Ice            52%        1d8       1%          3
 Hailstorm                Conj/Ice       53%        3d12      1%          3
 Mephitic Cloud           Conj/Pois/Air  51%        N/A       1%          3
 Brom's Barrelling Bould  Conj/Erth      84%        2d10      1%          4
 Iskenderun's Mystic Bla  Conj/Tloc      47%        2d10      1%          4
 Petrify                  Tmut/Erth      70%        N/A       1%          4
 Ensorcelled Hibernation  Hex/Ice        50%        N/A       2%          2
 Jinxbite                 Hex            46%        N/A       3%          2
 Animate Armour           Summ/Erth      100%       N/A       4%          4
 Confusing Touch          Hex            23%        N/A       6%          3
 Tukima's Dance           Hex            23%        N/A       6%          3
 Call Imp                 Summ           22%        N/A       9%          2
 Summon Guardian Golem    Hex/Summ       17%        N/A       10%         3
 Anguish                  Hex/Necr       8%         N/A       32%         4
 Dimensional Bullseye     Hex/Tloc       8%         N/A       32%         4
 Irradiate                Conj/Tmut      29%        3d21      1%          5
 Conjure Ball Lightning   Conj/Air       26%        3x3d7     4%          6
 Lehudib's Crystal Spear  Conj/Erth      42%        10d10     26%         8
 Spellforged Servitor     Conj/Summ      23%        N/A       38%         7
 Summon Forest            Summ/Tloc      5%         N/A       85%         5
 Ozocubu's Refrigeration  Ice            13%        4d10      94%         7
 Simulacrum               Ice/Necr       9%         N/A       99%         6
 Summon Hydra             Summ           5%         N/A       100%        7
 Discord                  Hex            11%        N/A       100%        8
 Disjunction              Tloc           5%         N/A       100%        8
 Polar Vortex             Ice            13%        12d1*     100%        9
 Sublimation of Blood     Necr           Unusable   N/A       N/A         2

Dungeon Overview and Level Annotations

Branches:
Dungeon (15/15)            Temple (1/1) D:4            Lair (5/5) D:11
 Shoals (0/4) Lair:2       Spider (3/4) Lair:2        Slime (0/5) Lair:4
    Orc (2/2) D:9             Elf (0/3) Orc:2        Vaults (0/5) D:14
 Depths (0/4) D:15          Sewer (visited)         Ossuary (visited)

Altars:
Ashenzari
Cheibriados
Dithmenos
Elyvilon
Fedhas
Gozag
Hepliaklqana
Kikubaaqudgha
Makhleb
Nemelex Xobeh
Okawaru
Qazlal
Ru
Sif Muna
Trog
Uskayaw
Vehumet
Wu Jian
Xom
Yredelemnul
Zin
The Shining One

Shops:
D:1 ???(   D:6 *   D:9 [   D:10 :   D:15 !   Orc:1 *   Orc:2 ==*!

Annotations:
D:4 exclusion: jelly
D:8 2 transporters, exclusion: oklob plant, pigah's ghost, novice OpSh
D:10 exclusions: death knight and freezing wraith


Innate Abilities, Weirdness & Mutations

You are immune to sickness and miasma.
Your stone body is resilient. (AC +12)
You are immune to poison.
Your large and strong wings let you fly.
You resist negative energy. (rN+)
You are resistant to electric shocks. (rElec)
You are resistant to unholy torment.
You are immune to petrification.


Message History

The blast sends you backwards.
A radroach comes into view.
A redback comes into view.
You don't have enough magic to cast this spell.
You hit the spark wasp but do no damage.
The spark wasp is heavily wounded.
The orbs collide in a blinding explosion!
The spark wasp stings you but does no damage.
The spark wasp stings you! The spark wasp shocks you. You resist.
You hear a faint skittering sound.
You hit the spark wasp but do no damage.
The spark wasp is heavily wounded.
The spark wasp stings you! The spark wasp shocks you. You resist.
The spark wasp stings you! The spark wasp shocks you. You resist.
Aiming: Quicksilver Bolt
Press: ? - help, Shift-Dir - straight line, f/p - spark wasp
Aim: a spark wasp (heavily wounded, 57% to hit)
The bolt of dispelling energy misses the spark wasp.
The spark wasp stings you but does no damage.
A redback comes into view.
The spark wasp stings you! The spark wasp shocks you. You resist.
The air fills with toxic fumes!
As you read the scroll of poison, it crumbles to dust.
The spark wasp stings you!!
* * * LOW HITPOINT WARNING * * *
The spark wasp shocks you. You resist.
* * * LOW HITPOINT WARNING * * *
You fade into invisibility!
The spark wasp stings you!
* * * LOW HITPOINT WARNING * * *
The spark wasp shocks you. You resist.
* * * LOW HITPOINT WARNING * * *
The radroach is engulfed in poison gas.
The radroach is poisoned.
The spark wasp closely misses you.
You feel better.
The radroach is engulfed in poison gas.
The radroach looks even sicker.
The spark wasp barely misses you.
Found a trident.
The radroach is engulfed in poison gas.
The radroach looks even sicker.
The spark wasp stings you!!
* * * LOW HITPOINT WARNING * * *
The spark wasp shocks you. You resist.
You die...

§§§§ ##.. §§§§# #########
#^.. §§§§§#
##.§##.#.###.##
#§§§§§#####.§§#.....#...#
#§§§§§§##.§§§§...###....
#§§§§§§§#§§§§§...#^###^.
#§§§§§§§§§§§##......^..
#§§§§y.§§§§§§..........
§.§#§§§§@§§§§§§#.........
#§s§§§§§§§§§§..^.......
§§§.B§§§§§§§§.§..........
§§§§§§§§§§§§§§§††........
§§§§§§§§§§§§§§§.....^#...
§§§§§§§§§§§§§§§..........
§§§§§§§§§§§§§§§........^.
..)...........).#.......
.................


You could see a radroach (wandering, unable to see you, very poisoned), a spark
wasp (unable to see you) and a redback (unable to see you).

Vanquished Creatures
  A fire giant (D:13)
  An emperor scorpion (Spider:2)
  An orc warlord (Orc:2)
  The ghost of tinfoiltophat the Thaumaturge, a journeyman DjFE of Cheibriados (D:12)
  Azrael (Orc:2)
  4 spark wasps (Spider:1)
  Josephine (Lair:4)
  A deep elf high priest (D:13)
  3 entropy weavers
  A fire dragon (D:14)
  A yaktaur captain (D:14)
  A merfolk avatar (Lair:5)
  3 ogre magi
  6 hydras
  A radroach (shapeshifter) (D:14)
  A jorogumo (Spider:2)
  2 radroaches
  3 boulder beetles
  11 death yaks
  4 centaur warriors
  14 two-headed ogres
  5 demonic crawlers
  4 orc high priests (Orc:2)
  Urug (Lair:2)
  2 skeletal warriors
  A skyshark (Lair:5)
  2 sun moths (Spider:2)
  2 pharaoh ants
  3 sea snakes (Lair:5)
  A flayed ghost (D:14)
  2 wizards (D:14)
  7 orb spiders
  A harpy (shapeshifter) (D:14)
  A harpy (Lair:5)
  2 phantasmal warriors
  3 steelbarb worms
  A necromancer (D:15)
  11 wolf spiders
  6 orc knights
  2 deep elf pyromancers (D:14)
  5 orc sorcerers (Orc:2)
  An ugly thing (D:13)
  2 fire giant zombies (D:15)
  6 manticores
  3 elephants (Lair:5)
  A cyclops (D:11)
  2 moths of wrath
  4 black mambas
  A fire giant skeleton (D:15)
  4 torpor snails
  11 cane toads
  Maggie (D:7)
  A gargoyle (D:11)
  Psyche (D:11)
  2 efreet
  9 rime drakes
  2 yaktaurs (D:14)
  3 kobold demonologists
  11 komodo dragons
  A queen bee (Lair:3)
  6 meliai (Spider:2)
  3 polar bears
  12 trolls
  A wolf spider simulacrum (D:14)
  12 tarantellas
  A wind drake (Lair:5)
  4 hornets
  A snapping turtle (Lair:2)
  16 blink frogs
  13 dream sheep (Lair:5)
  19 jumping spiders
  An ettin zombie (D:15)
  11 slime creatures
  A vampire (D:9)
  11 culicivoras
  A spriggan (Lair:3)
  8 wraiths
  3 shadows
  A basilisk (Lair:1)
  3 fire elementals
  6 wyverns
  43 yaks
  8 humans (D:11)
  Eustachio (D:6)
  4 steam dragons
  4 vampire mosquitoes (D:10)
  Menkaure (D:6)
  32 redbacks
  9 wargs
  10 water moccasins
  2 acid dragons
  2 hell hounds (Orc:1)
  44 orc warriors
  4 ice beasts
  5 black bears
  21 ogres
  16 wolves
  13 centaurs
  9 kobold brigands
  2 phantoms (D:6)
  9 bullfrogs
  A gnoll sergeant (D:7)
  3 scorpions
  9 wights
  24 killer bees
  5 electric eels
  2 vampire bats (Lair:2)
  6 howler monkeys
  5 hounds
  27 orc priests
  A gnoll bouda (Orc:2)
  2 jellies
  2 sleepcaps (D:8)
  Jessica (D:11)
  3 iguanas
  16 orc wizards
  12 mummies (Ossuary)
  14 gnolls
  8 adders
  2 shadow imps
  A white imp (D:7)
  2 ufetubi
  4 worms
  2 dart slugs
  71 orcs
  3 endoplasms (D:1)
  4 giant cockroaches
  6 goblins
  7 hobgoblins
  9 jackals
  40 kobolds
  5 quokkas
  11 ball pythons
  7 bats
  5 frilled lizards
  A gnoll skeleton (Ossuary)
  2 goblin skeletons (Ossuary)
  A kobold skeleton (Ossuary)
  4 orc skeletons (Ossuary)
  3 rats
  11 rat skeletons (Ossuary)
905 creatures vanquished.

Vanquished Creatures (collateral kills)
  An orb spider (Spider:1)
  An orc sorcerer (Orc:2)
  3 jumping spiders (Spider:1)
  A fire elemental (Orc:2)
  4 redbacks
  A hell hound (Orc:2)
  2 orc warriors (Orc:2)
  An ogre (Orc:1)
  3 orc priests (Orc:2)
  9 orcs (Orc:2)
  5 boulders
31 creatures vanquished.

Vanquished Creatures (others)
  A pharaoh ant (Spider:1)
  A culicivora (Spider:1)
  2 orc priests
  5 orcs
  7 boulders
16 creatures vanquished.

Grand Total: 952 creatures vanquished

Notes
Turn   | Place    | Note
-------+----------+-------------------------------------------
     0 | D:1      | freelancePsychic the Gargoyle Enchanter began the quest for
                  | the Orb.
     0 | D:1      | Reached XP level 1. HP: 10/10 MP: 3/3
    67 | D:1      | Reached skill level 1 in Short Blades
   145 | D:1      | Found Viugohai's Antique Weapon Shop.
   167 | D:1      | Reached skill level 1 in Fighting
   167 | D:1      | Reached XP level 2. HP: 16/16 MP: 5/5
   181 | D:1      | Found Cunlis's Magic Scroll Shop.
   233 | D:1      | Found Akitsoch's Magic Scroll Emporium.
   354 | D:1      | Found Saph's Magic Scroll Shoppe.
   829 | D:2      | Reached XP level 3. HP: 21/21 MP: 6/6
  1470 | D:3      | Reached XP level 4. HP: 18/27 MP: 7/7
  1596 | D:3      | Found a glowing drain.
  1617 | Sewer    | Entered a sewer
  1830 | Sewer    | Reached XP level 5. HP: 32/32 MP: 8/8
  2737 | D:1      | Bought a scroll of brand weapon for 114 gold pieces
  2967 | D:4      | Found a staircase to the Ecumenical Temple.
  2989 | Temple   | Entered the Ecumenical Temple
  3001 | Temple   | Became a worshipper of Vehumet
  3111 | D:4      | Found a hide-covered altar of Uskayaw.
  3128 | D:4      | Reached XP level 6. HP: 36/39 MP: 9/9
  3139 | D:4      | Noticed a black bear
  3158 | D:4      | Killed a black bear
  3253 | D:4      | Reached skill level 5 in Fighting
  3377 | D:4      | Reached XP level 7. HP: 21/44 MP: 10/10
  3798 | D:5      | Entered Level 5 of the Dungeon
  3814 | D:5      | Reached skill level 5 in Short Blades
  3956 | D:5      | Reached skill level 1 in Conjurations
  3956 | D:5      | Reached skill level 1 in Earth Magic
  4039 | D:5      | Reached * piety under Vehumet
  4039 | D:5      | Offered knowledge of Shock by Vehumet.
  4049 | D:5      | Learned a level 3 spell: Stone Arrow
  4212 | D:5      | Reached XP level 8. HP: 49/49 MP: 12/12
  4384 | D:5      | Found a glowing silver altar of Zin.
  4384 | D:5      | Found a glowing golden altar of the Shining One.
  5019 | D:6      | Reached skill level 5 in Conjurations
  5019 | D:6      | Reached skill level 5 in Earth Magic
  5273 | D:6      | Noticed Menkaure
  5276 | D:6      | Killed Menkaure
  5277 | D:6      | Reached XP level 9. HP: 43/54 MP: 4/15
  5327 | D:6      | Found Diaqeici's Lightly-Used Armoury.
  5441 | D:6      | Found a sand-covered staircase.
  5451 | Ossuary  | Entered an ossuary
  5732 | Ossuary  | Offered knowledge of Sandblast by Vehumet.
  5758 | Ossuary  | Reached ** piety under Vehumet
  6324 | D:6      | Noticed Eustachio
  6327 | D:6      | Killed Eustachio
  6944 | D:7      | Noticed Maggie
  6953 | D:7      | Killed Maggie
  7223 | D:8      | Found a transporter.
  7286 | D:8      | Noticed a two-headed ogre
  7288 | D:8      | Noticed an efreet
  7292 | D:8      | Noticed a red ugly thing
  7298 | D:8      | Noticed an oklob plant
  7320 | D:8      | Reached skill level 5 in Spellcasting
  7410 | D:8      | Offered knowledge of Searing Ray by Vehumet.
  7429 | D:8      | Reached *** piety under Vehumet
  7545 | D:8      | Found a shimmering altar of Xom.
  7576 | D:8      | Noticed pigah's ghost (novice OpSh)
  7604 | D:8      | Found a transporter.
  7995 | D:8      | Reached XP level 10. HP: 60/60 MP: 13/17
  8045 | D:8      | Identified the +7 war axe of Res Judicata {venom, *Noise
                  | rC++ Dex+5}
  8550 | D:9      | Noticed an animated storm dragon scales
  8551 | D:9      | Found Ruonim's Armour Boutique.
  8551 | D:9      | Noticed an animated shadow dragon scales
  8555 | D:9      | Found a staircase to the Orcish Mines.
  8960 | D:9      | Offered knowledge of Brom's Barrelling Boulder by Vehumet.
  8966 | D:9      | Learned a level 4 spell: Brom's Barrelling Boulder
  9482 | D:10     | Entered Level 10 of the Dungeon
  9594 | D:10     | Reached skill level 10 in Conjurations
  9788 | D:10     | Noticed a boulder beetle
 10070 | D:11     | Noticed a manticore
 10075 | D:11     | Killed a manticore
 10196 | D:11     | Reached XP level 11. HP: 65/68 MP: 19/21
 10263 | D:11     | Reached **** piety under Vehumet
 10399 | D:11     | Found a staircase to the Lair.
 10418 | D:11     | Noticed a cyclops
 10435 | D:11     | Noticed a two-headed ogre
 10444 | D:11     | Noticed Psyche
 10462 | D:11     | Killed a two-headed ogre
 10502 | D:11     | Killed Psyche
 10641 | D:10     | Offered knowledge of Freezing Cloud by Vehumet.
 10821 | D:10     | Found Nahorih's Book Shoppe.
 10876 | D:10     | Killed a boulder beetle
 10877 | D:10     | Reached skill level 1 in Ice Magic
 10877 | D:10     | Reached skill level 1 in Air Magic
 10999 | D:10     | Learned a level 5 spell: Freezing Cloud
 11028 | D:10     | Noticed a phantasmal warrior
 11034 | D:10     | Killed a phantasmal warrior
 11120 | D:10     | Noticed a death knight
 11377 | D:11     | Killed a cyclops
 11411 | D:11     | Noticed a manticore
 11417 | D:11     | Killed a manticore
 12016 | D:11     | Noticed Jessica
 12117 | D:11     | Reached XP level 12. HP: 47/76 MP: 22/22
 12129 | D:11     | Reached ***** piety under Vehumet
 12141 | D:11     | Offered knowledge of Bombard by Vehumet.
 12288 | D:10     | Learned a level 6 spell: Bombard
 12464 | D:11     | Killed Jessica
 12971 | D:12     | Noticed a two-headed ogre
 12977 | D:12     | Killed a two-headed ogre
 13105 | D:12     | Found a runed translucent gate.
 13105 | D:12     | Found a runed translucent gate.
 13105 | D:12     | Found a runed translucent gate.
 13108 | D:12     | Noticed tinfoiltophat's ghost (journeyman DjFE)
 13469 | D:13     | Noticed an eight-headed hydra
 13476 | D:13     | Killed an eight-headed hydra
 13580 | D:13     | Noticed a centaur warrior
 13586 | D:13     | Killed a centaur warrior
 13587 | D:13     | Reached skill level 10 in Fighting
 13803 | D:13     | Noticed a seven-headed hydra
 13807 | D:13     | Killed a seven-headed hydra
 13900 | D:13     | Noticed a fire giant
 13907 | D:13     | Noticed a deep elf high priest
 13907 | D:13     | Noticed a four-headed hydra
 13910 | D:13     | Killed a fire giant
 14526 | Lair:1   | Entered Level 1 of the Lair of Beasts
 14562 | Lair:1   | Reached XP level 13. HP: 83/83 MP: 17/25
 15702 | Lair:2   | Reached skill level 15 in Conjurations
 15979 | Lair:2   | Noticed Urug
 15983 | Lair:2   | Killed Urug
 16435 | Lair:2   | Found a hole to the Spider Nest.
 17174 | Lair:2   | Found a staircase to the Shoals.
 17443 | Lair:3   | Reached skill level 10 in Earth Magic
 17917 | Lair:3   | Learned a level 7 spell: Orb of Destruction
 19461 | D:1      | Bought a scroll of acquirement for 624 gold pieces
 19461 | D:1      | Acquired a staff of earth
 19829 | Lair:4   | Found a staircase to the Slime Pits.
 19838 | Lair:4   | Gained mutation: Your large and strong wings let you fly.
                  | [Gargoyle growth]
 19838 | Lair:4   | Reached XP level 14. HP: 91/91 MP: 21/27
 19839 | Lair:4   | Noticed Josephine
 19845 | Lair:4   | Killed Josephine
 20855 | Lair:5   | Entered Level 5 of the Lair of Beasts
 21286 | Lair:5   | Reached skill level 1 in Poison Magic
 21393 | Lair:5   | Reached skill level 1 in Transmutations
 21967 | Lair:5   | Offered knowledge of Yara's Violent Unravelling by Vehumet.
 22296 | Lair:5   | Identified the +9 rapier "Baofefo" {venom, rElec Str+5
                  | Dex-4}
 22653 | Lair:5   | Reached skill level 5 in Dodging
 23836 | Lair:5   | Reached XP level 15. HP: 99/99 MP: 28/28
 23857 | Lair:5   | Reached skill level 5 in Poison Magic
 23947 | Lair:5   | Identified the ring of Hioneh {rF+ rCorr}
 24414 | Lair:5   | Learned a level 6 spell: Eringya's Noxious Bog
 24865 | D:13     | Identified the amulet "Zijio" {Spirit Str+5}
 25397 | D:14     | Reached skill level 1 in Fire Magic
 25664 | D:14     | Found a gate to the Vaults.
 26528 | D:15     | Entered Level 15 of the Dungeon
 26947 | D:15     | Reached skill level 5 in Transmutations
 27314 | D:15     | Offered knowledge of Arcjolt by Vehumet.
 27679 | D:15     | Found a shimmering altar of Xom.
 27804 | D:15     | Found a staircase to the Depths.
 28061 | D:15     | Paralysed by something for 5 turns
 28112 | D:15     | Paralysed by an ogre mage for 4 turns
 28546 | D:15     | Found Keulot's Distillery.
 28701 | Orc:1    | Entered Level 1 of the Orcish Mines
 28731 | Orc:1    | Found Ynykeq's Assorted Antiques.
 28874 | Orc:1    | Bought a transparent orb for 392 gold pieces
 28874 | Orc:1    | Identified the orb of Poor Excuses {mayhem, rF++ Str-4
                  | SInv} (You bought it in a shop on level 1 of the Orcish
                  | Mines)
 29320 | Orc:2    | Entered Level 2 of the Orcish Mines
 29737 | Orc:2    | Noticed Azrael
 29744 | Orc:2    | Killed Azrael
 30384 | Orc:2    | Reached XP level 16. HP: 107/107 MP: 20/29
 30966 | Orc:2    | Reached ****** piety under Vehumet
 31280 | Orc:2    | Found Luhosk's Jewellery Shop.
 31424 | Orc:2    | Offered knowledge of Lee's Rapid Deconstruction by Vehumet.
 31437 | Orc:2    | Learned a level 5 spell: Lee's Rapid Deconstruction
 31503 | Orc:2    | Found Betoul's Jewellery Shoppe.
 31927 | Orc:2    | Reached skill level 15 in Fighting
 32071 | Orc:2    | Identified the amulet of Wivaica {Acrobat -Tele rElec rN+++
                  | Slay+2}
 32149 | Orc:2    | Found a staircase to the Elven Halls.
 32612 | Orc:2    | Found Bijunean's Distillery.
 33120 | Orc:2    | Found Ynousau's General Store.
 33155 | Orc:2    | Bought a potion of haste for 130 gold pieces
 33630 | D:12     | Killed tinfoiltophat's ghost
 33834 | Spider:1 | Entered Level 1 of the Spider Nest
 33966 | Spider:1 | Offered knowledge of Plasma Beam by Vehumet.
 34075 | Spider:1 | You are sucked into a shaft and drop 1 floor!
 35369 | Spider:2 | Reached skill level 10 in Spellcasting
 35461 | Spider:2 | Reached XP level 17. HP: 61/115 MP: 16/31
 37723 | Spider:3 | Offered knowledge of Starburst by Vehumet.
 37770 | Spider:3 | HP: 4/116 [spark wasp (18)]
 37770 | Spider:3 | Slain by a spark wasp

Illustrated notes

Levels and vault maps discovered:
D:1:      lightli_arrival_quake, layout_rooms, serial_shops, shop, shop,
          nicolae_shop_advertising_works [nicolae_subvault_shop_adworks],
          nicolae_shop_statue_plus
D:2:      layout_loops_corners, dreamdust_mushroom_princess
D:3:      layout_basic, portal_sewer_entry_a, nicolae_titane
D:4:      layout_loops_cross, nicolae_uskayaw_murder_on_the_dancefloor,
          temple_pool_b
D:5:      layout_basic, gammafunk_temple_overflow_elements
D:6:      layout_basic, nicolae_ossuary_entry_monument, minmay_shop_damaged,
          uniq_menkaure, uniq_eustachio
D:7:      layout_rooms, uniq_maggie
D:8:      layout_basic, mainiacjoe_overflow_tiny_flanked, nzn_ghost_randoct,
          kennysheep_generic_room_5
D:9:      layout_long_grid, david_orc_2, serial_shops, nicolae_shop_mannequins
D:10:     layout_irregular_city, serial_shops, shop, nzn_sisyphean_effort
D:11:     erik_cavepeople, layout_loops_ring, erik_lair_orcish_takeover,
          dk_noncrumbling_4, kennysheep_generic_room_3, uniq_psyche
D:12:     layout_rooms, ebering_ghost_rock_garden
D:13:     layout_gridville, minmay_radiant
D:14:     layout_basic, david_vaults_2, hex_tiny
D:15:     gammafunk_depths_entry_grave, layout_gridville, serial_shops, shop,
          serial_park_gazebo [serial_park_minivault_5x5_4]
Temple:   mainiacjoe_temple_coin_purse
Lair:1:   layout_regular_city
Lair:2:   layout_regular_city, minmay_shoals_entry_hut, spider_nest_entry_a,
          roderic_batcave, lemuel_fruit_fields, uniq_urug
Lair:3:   layout_roguey [special_room_bee], grunt_forest_stairs_clearing
Lair:4:   layout_loops_ring, slime_entry_1, serial_bayou_shore_a, uniq_josephine
Lair:5:   gammafunk_lair_ancient_temple, layout_small_grid, minivault_19,
          guppyfry_lair_drakes, infiniplex_staircase_pool_2, lemuel_fruit_tree
Spider:1: layout_spider_delve, nicolae_spider_bzzzt
Spider:2: layout_spider_delve
Spider:3: spiders_nest_scorpion_pit, nicolae_spider_twisty_arc_passages,
          nicolae_spider_cling_halls
Orc:1:    layout_caves, serial_shops, shop, basic_altar, nicolae_orc_tapped_out
Orc:2:    pubby_orc_utopia, uniq_azrael

Skill      XL: |  1  2  3  4  5  6  7  8  9 10 11 12 13 14 15 16 17 |
---------------+----------------------------------------------------+-----
Short Blades   | 1 2 3 4 5 |  5.0
Fighting       | 1 2 3 4 5 6 7 9 10 11 13 14 16 | 16.7
Conjurations   | 3 5 8 10 12 14 16 | 16.3
Earth Magic    | 3 6 7 9 10 11 12 | 12.5
Spellcasting   | 4 5 6 7 8 9 10 | 10.3
Ice Magic      | 3 |  3.5
Air Magic      | 2 |  2.8
Dodging        | 3 5 7 |  7.3
Poison Magic   | 4 7 8 |  8.8
Transmutations | 3 6 7 |  7.3
Fire Magic     | 3 |  3.3
Stealth        | |  3.2
Hexes          | |  2.6

Action                     |  1- 3 |  4- 6 |  7- 9 | 10-12 | 13-15 | 16-18 || total
---------------------------+-------+-------+-------+-------+-------+-------++-------
  Melee: Dagger            |   111 |   246 |   292 |   443 |   222 |       ||  1314
         Punch             |       |     2 |     5 |     5 |     5 |       ||    17
         Staff             |       |       |       |       |   229 |   128 ||   357
   Cast: Stone Arrow       |       |       |    64 |   157 |     4 |     1 ||   226
         Brom's Barrelling |       |       |       |    20 |       |       ||    20
         Freezing Cloud    |       |       |       |     7 |    59 |     2 ||    68
         Bombard           |       |       |       |     2 |   266 |   153 ||   421
         Orb of Destructio |       |       |       |       |    61 |    14 ||    75
         Eringya's Noxious |       |       |       |       |     5 |    55 ||    60
         Lee's Rapid Decon |       |       |       |       |       |     8 ||     8
  Evoke: Wand              |       |       |    17 |     1 |     3 |     5 ||    26
    Use: Scroll            |     3 |    10 |     9 |     6 |     8 |     7 ||    43
         Potion            |     1 |       |       |     4 |     1 |    12 ||    18
   Stab: Sleeping          |     3 |     1 |     2 |       |       |       ||     6
         Invisible         |       |     3 |       |       |       |       ||     3
 Armour: Ring mail         |    55 |   165 |   163 |   356 |   790 |       ||  1529
         Steam dragon scal |       |       |       |       |    24 |   388 ||   412
  Dodge: Dodged            |    46 |   125 |   105 |   185 |   474 |   264 ||  1199

Table legend: (Time is in decaauts)
 A = Elapsed time spent in this place.
 B = Non-inter-level travel time spent in this place.
 C = Inter-level travel time spent in this place.
 D = Time resting spent in this place.
 E = Time spent auto-exploring this place.
 F = Levels seen in this place.
 G = Mean time per level.
                   A        B        C        D        E       F      G
               +--------+--------+--------+--------+--------+-----+--------+
         Total |  37674 |  35850 |   1824 |   1936 |  28264 |  28 | 1345.5 |
       Dungeon |  18300 |  16999 |   1301 |    935 |  13149 |  15 | 1220.0 |
        Temple |     22 |     13 |      9 |      0 |      0 |   1 |   22.0 |
          Lair |   9575 |   9198 |    377 |    712 |   7327 |   5 | 1915.0 |
   Spider Nest |   3901 |   3850 |     51 |    164 |   3110 |   3 | 1300.3 |
  Orcish Mines |   4841 |   4757 |     84 |    125 |   3857 |   2 | 2420.5 |
         Sewer |    317 |    317 |      0 |      0 |    233 |   1 |  317.0 |
       Ossuary |    715 |    715 |      0 |      0 |    587 |   1 |  715.0 |
               +--------+--------+--------+--------+--------+-----+--------+

Top non-repeatable levels by time:
   Orc:2: 4019 daAuts
  Lair:5: 2774 daAuts
    D:14: 2279 daAuts
Spider:2: 2247 daAuts
  Lair:2: 2024 daAuts
    D:11: 2020 daAuts
  Lair:4: 1796 daAuts
  Lair:3: 1735 daAuts
    D:13: 1618 daAuts
Spider:1: 1311 daAuts
    D:10: 1274 daAuts
    D:15: 1249 daAuts
  Lair:1: 1244 daAuts
     D:9: 1199 daAuts
     D:6: 1151 daAuts
